[Event "*** Titled Tuesday Blitz"]
[Site "Chess.com"]
[Date "2020.05.26"]
[Round "1"]
[White "valeriocarnicelli"]
[Black "Zmeeed63"]
[Result "1-0"]
[WhiteElo "2565"]
[BlackElo "2212"]
[TimeControl "180+1"]
[EndTime "10:05:22 PDT"]
[Termination "valeriocarnicelli won by checkmate"]

1. e4 Nc6 2. d4 d5 3. exd5 Qxd5 4. Nf3 Bg4 5. Be2 O-O-O 6. c3 e5 7. Be3 exd4 8.
cxd4 Bb4+ 9. Nc3 Qa5 10. O-O Nf6 11. h3 Bh5 12. Rc1 Rhe8 13. a3 Bxc3 14. Rxc3 Bxf3 15.
Bxf3 Ne5 16. Be2 Nd5 17. Rc5 Nxe3 18. Rxa5 Nxd1 19. Rxd1 Nc6 20. Ra4 Rxe2 21. d5 Ne5 22.
Rxa7 f6 23. a4 Rxb2 24. f4 Nc4 25. Re1 Nd6 26. Re7 Rb4 27. Ra8# 1-0

[Event "*** Titled Tuesday Blitz"]
[Site "Chess.com"]
[Date "2020.05.26"]
[Round "1"]
[White "tan275"]
[Black "Tlerus"]
[Result "0-1"]
[WhiteElo "2203"]
[BlackElo "2553"]
[TimeControl "180+1"]
[EndTime "10:05:22 PDT"]
[Termination "Tlerus won by resignation"]

1. d4 Nf6 2. c4 e5 3. dxe5 Ne4 4. a3 d6 5. Nf3 Nc6 6. g3 Bf5 7. Bg2 dxe5 8. O-O Bd6 9. Nh4 g6 10. Bh6 Qd7 11. Nc3 Nxc3 12. bxc3 Be6 13. Qa4 Ne7 14. Qxd7+ Kxd7 15. Bxb7 Rab8 16. Bg2 Bxc4 17.
Rfb1 Bxe2 18. Bh3+ f5 19. Bg5 Bd3 20. Rd1 e4 21. f3 Nd5 22. fxe4 Bxe4 23. Bg2 Nxc3 24.
Rd2 Rb1+ 25. Rxb1 Nxb1 26. Rb2 Nxa3 27. Bxe4 fxe4 28. Bf6 Re8 29. Bd4 c5 30. Bc3 Kc6 0-1

[Event "*** Titled Tuesday Blitz"]
[Site "Chess.com"]
[Date "2020.05.26"]
[Round "1"]
[White "Konovalova_Vera"]
[Black "Cubitas"]
[Result "0-1"]
[WhiteElo "2150"]
[BlackElo "2519"]
[TimeControl "180+1"]
[EndTime "10:05:23 PDT"]
[Termination "Cubitas won by resignation"]

1. d4 Nf6 2. Bg5 g6 3. Bxf6 exf6 4. e3 c5 5. c3 f5 6. Nf3 Qb6 7. Qb3 Nc6 8. Nbd2 d5 9. Rb1 Be6 10. Qxb6 axb6 11. a3 Be7 12. Bb5 O-O 13. O-O Rfc8 14. Rfc1 Na7 15. Be2 c4 16. b4 Nb5 17. Ra1 Nxa3 18.
Bd1 Nb5 19. Ba4 Nxc3 20. Rxc3 b5 21. Rcc1 Rxa4 22. Ne5 Bxb4 23. Ndf3 Rca8 24. Rab1 Ba3 25. Rd1 b4 26. Ne1 b3 27. N5f3 f4 28. exf4 Bf5 0-1

[Event "*** Titled Tuesday Blitz"]
[Site "Chess.com"]
[Date "2020.05.26"]
[Round "1"]
[White "alekschess100"]
[Black "TregubovP"]
[Result "0-1"]
[WhiteElo "2244"]
[BlackElo "2587"]
[TimeControl "180+1"]
[EndTime "10:05:25 PDT"]
[Termination "TregubovP won by resignation"]

1. d4 Nf6 2. Nf3 e6 3. Bg5 h6 4. Bh4 c5 5. c3 cxd4 6. cxd4 Qb6 7. Qb3 Qxb3 8. axb3 Nc6 9. Bxf6 gxf6 10. Nc3 d5 11. e3 Bd7 12. Be2 Bd6 13. O-O Ke7 14. e4 dxe4 15.
Nxe4 Bb4 16. Nc5 Nxd4 17. Nxd4 Bxc5 18. Nb5 a6 19. Nc3 Bc6 20. Bd3 f5 21. Rfe1 Kf6 22.
Rac1 Rad8 23. Bf1 Ba7 24. Nd1 Rd6 25. Ne3 Rd2 26. Bxa6 Bxe3 27. Rxe3 bxa6 0-1

[Event "*** Titled Tuesday Blitz"]
[Site "Chess.com"]
[Date "2020.05.26"]
[Round "1"]
[White "KerryStead"]
[Black "Zakaryan_David"]
[Result "1-0"]
[WhiteElo "2128"]
[BlackElo "2491"]
[TimeControl "180+1"]
[EndTime "10:05:25 PDT"]
[Termination "KerryStead won by resignation"]

1. d4 Nf6 2. f3 d5 3. e4 dxe4 4. Nc3 exf3 5. Nxf3 Bg4 6. h3 Bxf3 7. Qxf3 c6 8. Qf2 Nbd7 9. Bd3 e5 10. Be3 Bb4 11.
a3 Qa5 12. O-O Bxc3 13. bxc3 O-O 14. Bd2 Rad8 15. Qh4 exd4 16. Bg5 h6 17. Bxf6 Nxf6 18. Rxf6 gxf6 19. Qxh6 Rfe8 20. Bh7+ 1-0

[Event "*** Titled Tuesday Blitz"]
[Site "Chess.com"]
[Date "2020.05.26"]
[Round "1"]
[White "chegueps"]
[Black "TigrVShlyape"]
[Result "0-1"]
[WhiteElo "2414"]
[BlackElo "2845"]
[TimeControl "180+1"]
[EndTime "10:05:26 PDT"]
[Termination "TigrVShlyape won by resignation"]

1. e4 e5 2. Nf3 Nc6 3. Bb5 Nf6 4. d3 d6 5. h3 Bd7 6. O-O g6 7. c3 Bg7 8. Ba4 O-O 9. Nbd2 Qe8 10. Re1 Nh5 11. Nf1 Kh8 12. d4 Nxd4 13. cxd4 Bxa4 14.
b3 Bd7 15. Bb2 f6 16. Rc1 Rc8 17. Ne3 Nf4 18. Nd5 Nxd5 19. exd5 e4 20. Nd2 f5 21. Qe2 Qf7 22. Qc4 b5 23. Qb4 Qxd5 24. Nf1 f4 25. Qa5 c5 26. Qxa7 Bc6 27. Red1 e3 28.
Qxg7+ Kxg7 29. dxc5+ Kf7 30. Rxd5 exf2+ 31. Kxf2 Bxd5 32.
cxd6 Rxc1 33. Bxc1 Ke6 34. Ba3 Ra8 0-1

[Event "*** Titled Tuesday Blitz"]
[Site "Chess.com"]
[Date "2020.05.26"]
[Round "1"]
[White "MaxVavulin"]
[Black "GiorgianBarbosa"]
[Result "1-0"]
[WhiteElo "2624"]
[BlackElo "2290"]
[TimeControl "180+1"]
[EndTime "10:05:26 PDT"]
[Termination "MaxVavulin won by resignation"]

1. e4 c5 2. Nf3 g6 3. d4 cxd4 4. Nxd4 Bg7 5. Nc3 Nc6 6. Be3 Nf6 7. Bc4 O-O 8. Bb3 Re8 9. f3 e6 10. f4 d6 11. Qf3 a6 12. O-O-O Qc7 13. Kb1 Nxd4 14.
Rxd4 Nd7 15. Rd2 b5 16. Rhd1 Bf8 17. e5 d5 18. Nxd5 exd5 19. Qxd5 Nc5 20. Qxa8 Nxb3 21. axb3 1-0

[Event "*** Titled Tuesday Blitz"]
[Site "Chess.com"]
[Date "2020.05.26"]
[Round "1"]
[White "JosefineHeinemann"]
[Black "Shushik"]
[Result "1-0"]
[WhiteElo "2507"]
[BlackElo "2118"]
[TimeControl "180+1"]
[EndTime "10:05:27 PDT"]
[Termination "JosefineHeinemann won by resignation"]

1. e4 e5 2. Nf3 Nc6 3. Bb5 Nf6 4. d3 d6 5. O-O Be7 6. Re1 O-O 7. c3 a6 8. Ba4 Re8 9. Nbd2 Bf8 10. Nf1 b5 11.
Bc2 d5 12. exd5 Nxd5 13. Ng3 Bc5 14. h3 h6 15. Nh2 Bb6 16. Ng4 Qh4 17. Qf3 Bxg4 18.
hxg4 Nde7 19. Re4 Qf6 20. Qxf6 gxf6 21. Nh5 f5 22. gxf5 Nxf5 23. Nf6+ Kg7 24. Nxe8+ Rxe8 25. Rg4+ Kh7 26. d4 Ne7 27. dxe5 Rd8 28. Rf4 Kg7 29. Bxf5 Nxf5 30. Rxf5 Rd1+ 31. Kh2 Rf1 32. Bxh6+ 1-0

[Event "*** Titled Tuesday Blitz"]
[Site "Chess.com"]
[Date "2020.05.26"]
[Round "1"]
[White "bakki78"]
[Black "themind1hunter"]
[Result "1-0"]
[WhiteElo "2763"]
[BlackElo "2390"]
[TimeControl "180+1"]
[EndTime "10:05:29 PDT"]
[Termination "bakki78 won by resignation"]

1. e4 c5 2. c3 Nf6 3. e5 Nd5 4. Na3 Nc6 5. Nf3 d6 6. exd6 e6 7. Nc4 Nb6 8. d4 Nxc4 9. Bxc4 cxd4 10. Nxd4 Nxd4 11. Qxd4 Qxd6 12. Be3 Qxd4 13. Bxd4 Bd7 14. O-O-O Bc6 15. f3 Be7 16. Rhe1 O-O 17. Bd3 Rfd8 18. Be4 Bxe4 19. Rxe4 Kf8 20. Be3 Rxd1+ 21. Kxd1 Rd8+ 22. Kc2 a6 23. Rc4 Bd6 24. h3 Ke7 25. Bb6 Rd7 26.
a4 e5 27. b4 f5 28. b5 axb5 29. axb5 Ke6 30. Ra4 Be7 31. Be3 h6 32. Ra8 Kd5 33. Kd3 e4+ 34. fxe4+ fxe4+ 35. Ke2 Kc4 36. b6 Kxc3 37.
Rc8+ 1-0

[Event "*** Titled Tuesday Blitz"]
[Site "Chess.com"]
[Date "2020.05.26"]
[Round "1"]
[White "Ziachess74"]
[Black "narutosmith"]
[Result "1-0"]
[WhiteElo "2612"]
[BlackElo "2277"]
[TimeControl "180+1"]
[EndTime "10:05:29 PDT"]
[Termination "Ziachess74 won by resignation"]

1. d4 Nf6 2. Bg5 e6 3. e4 h6 4. Bxf6 Qxf6 5. c3 d6 6. Bc4 Nd7 7.
Ne2 g6 8. O-O Bg7 9. f4 O-O 10.
Nd2 a6 11. a4 b6 12. Nf3 Bb7 13. e5 Qe7 14. Qc2 c5 15. Rad1 cxd4 16. cxd4 Nb8 17. Qb3 d5 18. Bd3 Nd7 19. Bb1 Rfc8 20. g4 b5 21. a5 b4 22. f5 exf5 23. gxf5 gxf5 24.
Ng3 Qe6 25. Rd2 f4 26. Nf5 Kh7 27. Rg2 1-0

[Event "*** Titled Tuesday Blitz"]
[Site "Chess.com"]
[Date "2020.05.26"]
[Round "1"]
[White "FairChess_on_YouTube"]
[Black "Misha_Bilous"]
[Result "1-0"]
[WhiteElo "3024"]
[BlackElo "2452"]
[TimeControl "180+1"]
[EndTime "10:05:30 PDT"]
[Termination "FairChess_on_YouTube won on time"]

1. e4 c5 2. Nf3 d6 3. d4 cxd4 4. Nxd4 Nf6 5. Nc3 a6 6. a4 e5 7.
Nf3 Be7 8. Bg5 O-O 9. Bxf6 Bxf6 10. Bc4 Be6 11. Nd5 Nd7 12. O-O Rc8 13. Ba2 Bg5 14.
Qe2 Bh6 15. Rfd1 Nb6 16. a5 Nxd5 17. Bxd5 Qc7 18. c3 Rfd8 19. h3 g6 20. Ra4 Bxd5 21.
Rxd5 Qc6 22. Rb4 Bf8 23. Qd1 Qc7 24. Qb3 Rb8 25. Rb6 Qc8 26. Nd2 Rd7 27. Nc4 Qd8 28. Qd1 Rc8 29. Nxe5 Re7 30. Rbxd6 Qe8 31. Ng4 1-0

[Event "*** Titled Tuesday Blitz"]
[Site "Chess.com"]
[Date "2020.05.26"]
[Round "1"]
[White "Saxar85"]
[Black "witcher8"]
[Result "1-0"]
[WhiteElo "2724"]
[BlackElo "2362"]
[TimeControl "180+1"]
[EndTime "10:05:32 PDT"]
[Termination "Saxar85 won by resignation"]

1. e4 c6 2. d4 d5 3. Nc3 dxe4 4. Nxe4 Bf5 5. Ng3 Bg6 6. h4 h6 7. Nh3 e6 8. Nf4 Bh7 9. Be3 Nf6 10. Bd3 Bxd3 11. Qxd3 Qa5+ 12. Bd2 Bb4 13. c3 Bd6 14. b4 Qa6 15. c4 Bxf4 16. Bxf4 b5 17. c5 Qa4 18.
O-O Qxb4 19. a4 Qc4 20. Qd2 bxa4 21. Bd6 Nbd7 22. Rfb1 Qa6 23. Qc2 Nd5 24. Rxa4 Qc8 25. Ra3 Nc7 26. Ne4 Nf6 27. Rg3 Nxe4 28. Qxe4 g6 29. Qe5 1-0

[Event "*** Titled Tuesday Blitz"]
[Site "Chess.com"]
[Date "2020.05.26"]
[Round "1"]
[White "IMDT02"]
[Black "Rinas_Oleg"]
[Result "0-1"]
[WhiteElo "2547"]
[BlackElo "2239"]
[TimeControl "180+1"]
[EndTime "10:05:32 PDT"]
[Termination "Rinas_Oleg won by resignation"]

1. d4 Nf6 2. Bf4 g6 3. e3 Bg7 4.
Nf3 d6 5. c4 O-O 6. Nc3 c6 7. Be2 Nbd7 8. O-O Re8 9. Rc1 e5 10.
Bg3 exd4 11. Nxd4 Nc5 12. b4 Nce4 13. Bh4 Nxc3 14. Rxc3 d5 15. cxd5 Qxd5 16. Bc4 Qh5 17. Qxh5 Nxh5 18. Rd3 Nf6 19. Rfd1 h6 20. h3 Ne4 21. f3 Ng5 22. Bf2 Bf6 23. e4 Kg7 24. a3 a5 25. b5 c5 26. Ne2 b6 27. Nf4 Ra7 28. Nd5 Bd8 29. Be1 Rd7 30. Bc3+ Kf8 31. Nf6 Rxd3 32. Rxd3 Bxf6 33. Bxf6 Nh7 34. Bd8 Be6 35.
Bd5 Rxd8 0-1

[Event "*** Titled Tuesday Blitz"]
[Site "Chess.com"]
[Date "2020.05.26"]
[Round "1"]
[White "PauloCesarCosta_sad"]
[Black "lolo9292"]
[Result "0-1"]
[WhiteElo "2175"]
[BlackElo "2536"]
[TimeControl "180+1"]
[EndTime "10:05:32 PDT"]
[Termination "lolo9292 won by checkmate"]

1. Nf3 Nf6 2. c4 g6 3. g3 Bg7 4. Bg2 O-O 5. O-O d6 6. d4 Bf5 7. Nc3 Ne4 8. Nh4 Nxc3 9. bxc3 Bc8 10.
Qd3 Nc6 11. Be3 e5 12. d5 Ne7 13. c5 Nf5 14. Nxf5 Bxf5 15. Qd2 Qd7 16. cxd6 cxd6 17. Bh6 Rac8 18. Bxg7 Kxg7 19. e4 Bh3 20. Rab1 Bxg2 21.
Kxg2 Rc5 22. Rb3 Rfc8 23. Rfb1 b6 24. Rc1 f5 25. exf5 Qxf5 26. Rc2 Qe4+ 27. Kg1 Rxd5 28.
Qg5 Rd1# 0-1

[Event "*** Titled Tuesday Blitz"]
[Site "Chess.com"]
[Date "2020.05.26"]
[Round "1"]
[White "GmSergioBarrientos"]
[Black "AsselLesbekova"]
[Result "1-0"]
[WhiteElo "2597"]
[BlackElo "2256"]
[TimeControl "180+1"]
[EndTime "10:05:34 PDT"]
[Termination "GmSergioBarrientos won by checkmate"]

1. e4 c5 2. Nf3 Nc6 3. d4 cxd4 4. Nxd4 e5 5. Nb5 d6 6. N1c3 a6 7. Na3 b5 8. Nd5 Nce7 9. c4 Nxd5 10. exd5 bxc4 11. Nxc4 Nf6 12. Be3 Rb8 13. Be2 Be7 14. O-O O-O 15. a4 a5 16. Bd2 Ra8 17. b4 Nxd5 18.
Nxa5 Bd7 19. Bf3 Nb6 20. Bxa8 Qxa8 21. b5 d5 22. Re1 f5 23. Rxe5 Bf6 24. Re1 Bxa1 25. Qxa1 f4 26. Qd4 Nc8 27. Bc3 Rf7 28. b6 Nd6 29. b7 Nxb7 30. Qxd5 Be8 31. Nxb7 Kh8 32. Nd6 Qxd5 33. Rxe8+ Rf8 34. Rxf8+ Qg8 35. Nf7# 1-0

[Event "*** Titled Tuesday Blitz"]
[Site "Chess.com"]
[Date "2020.05.26"]
[Round "1"]
[White "doons21"]
[Black "Larina_Marija"]
[Result "1-0"]
[WhiteElo "2509"]
[BlackElo "2130"]
[TimeControl "180+1"]
[EndTime "10:05:37 PDT"]
[Termination "doons21 won by resignation"]

1. e4 d5 2. exd5 Qxd5 3. Nc3 Qa5 4. d4 Nf6 5. Bc4 Bf5 6. Bd2 c6 7. Nd5 Qd8 8. Nxf6+ exf6 9. Nf3 Bd6 10. O-O O-O 11. c3 Bg4 12. h3 Bh5 13. Re1 Nd7 14. g4 Bg6 15. Nh4 Kh8 16. Qf3 Nb6 17. Bb3 Qd7 18.
c4 Bc7 19. Bc3 Qd6 20. Qg2 Qd7 21. Nxg6+ hxg6 22. Re4 Rae8 23. Rae1 Rxe4 24. Qxe4 Qd6 25. Qg2 Qd7 26. Qe4 Qd6 27. Kf1 Qh2 28. Qg2 Qd6 29.
c5 Qf4 30. cxb6 Bxb6 31. Qg3 Qg5 32. h4 Qb5+ 33. Kg2 a5 34. h5 gxh5 35. gxh5 Qxh5 36. Rh1 1-0

[Event "*** Titled Tuesday Blitz"]
[Site "Chess.com"]
[Date "2020.05.26"]
[Round "1"]
[White "TheProfessor13"]
[Black "mortngabriel"]
[Result "1-0"]
[WhiteElo "2969"]
[BlackElo "2449"]
[TimeControl "180+1"]
[EndTime "10:05:38 PDT"]
[Termination "TheProfessor13 won on time"]

1. e4 c5 2. Nf3 d6 3. Nc3 Nf6 4. e5 dxe5 5. Nxe5 Nbd7 6. Nc4 e6 7. g3 b6 8. Bg2 Rb8 9. O-O Bb7 10. d3 Bxg2 11. Kxg2 b5 12. Ne3 Be7 13. a4 a6 14.
axb5 axb5 15. f4 O-O 16. f5 b4 17. Ne4 Qb6 18. fxe6 Qxe6 19. Qf3 Nxe4 20. dxe4 Nf6 21. Nf5 Rfe8 22. Bg5 Bd8 23. Rae1 Nxe4 24. Ne7+ Bxe7 25.
Rxe4 Qd5 26. Rxe7 1-0

[Event "*** Titled Tuesday Blitz"]
[Site "Chess.com"]
[Date "2020.05.26"]
[Round "1"]
[White "MiroVlasenko"]
[Black "BronceYSueno"]
[Result "1-0"]
[WhiteElo "2666"]
[BlackElo "2307"]
[TimeControl "180+1"]
[EndTime "10:05:40 PDT"]
[Termination "MiroVlasenko won by resignation"]

1. d4 g6 2. e4 Bg7 3. Nc3 a6 4.
f4 d5 5. e5 Nh6 6. Nf3 Bg4 7.
Be3 e6 8. h3 Bxf3 9. Qxf3 Nf5 10. Bf2 h5 11. g4 hxg4 12. hxg4 Rxh1 13. Qxh1 Nh6 14. Be2 Qe7 15. Bh4 Qb4 16. O-O-O Nc6 17. Bg5 Nxd4 18. Bxh6 Bxh6 19. Qxh6 O-O-O 20. Qh2 c5 21. Qf2 b5 22. Bf1 Qa5 23. a3 Kb8 24. Kb1 Rc8 25.
Rxd4 cxd4 26. Qxd4 Kb7 27. Bd3 Rh8 28. f5 gxf5 29.
gxf5 Qb6 30. Ne2 Rh1+ 31. Ka2 Qxd4 32. Nxd4 Re1 33. fxe6 fxe6 34. Be2 Kc7 35. Kb3 Kd7 36. Kc3 Rh1 37. Bg4 Rh6 38. Kb4 Ke7 39. Kc5 1-0

[Event "*** Titled Tuesday Blitz"]
[Site "Chess.com"]
[Date "2020.05.26"]
[Round "1"]
[White "dpopadic"]
[Black "VMikhalevski"]
[Result "0-1"]
[WhiteElo "2387"]
[BlackElo "2757"]
[TimeControl "180+1"]
[EndTime "10:05:42 PDT"]
[Termination "VMikhalevski won by resignation"]

1. e4 e5 2. Nf3 Nc6 3. Bb5 g6 4. Nc3 Bg7 5. O-O Nge7 6. Nd5 O-O 7. Nxe7+ Qxe7 8. d3 h6 9. h3 Kh7 10. c3 d6 11. Qe2 f5 12. Bd2 Bd7 13. Rfe1 Rae8 14.
Rad1 f4 15. Bc1 g5 16. Nh2 Qf7 17. f3 h5 18. Rf1 Qxa2 19. Bc4 Qa5 20. Bd2 Qb6+ 21.
Kh1 Ne7 22. Bc1 c6 23. Ba2 d5 24. Qc2 d4 25. cxd4 exd4 26. Bd2 Ng6 27. Bc4 Ne5 28.
Ra1 c5 29. Qb3 Qxb3 30. Bxb3 a6 31. Bc2 Bb5 32. b4 c4 33. dxc4 Nxc4 34. Bc1 Ne3 35. Rf2 d3 36. Bb3 Bxa1 0-1

[Event "*** Titled Tuesday Blitz"]
[Site "Chess.com"]
[Date "2020.05.26"]
[Round "1"]
[White "KacperPolOK"]
[Black "rasmussvane"]
[Result "0-1"]
[WhiteElo "2411"]
[BlackElo "2844"]
[TimeControl "180+1"]
[EndTime "10:05:43 PDT"]
[Termination "rasmussvane won by resignation"]

1. e4 c6 2. Nc3 d5 3. Nf3 dxe4 4. Nxe4 Nf6 5. Nxf6+ exf6 6. d4 Bd6 7. c3 O-O 8. Be3 Re8 9. Bd3 Nd7 10. Qc2 Nf8 11.
O-O-O Be6 12. Kb1 Rc8 13. Rhe1 Ng6 14. h4 Bg4 15. Be2 Qd7 16. g3 Bxg3 17. Ng1 Bxh4 18. d5 Bxe2 19. Rxe2 cxd5 20. Red2 Qc6 21. Rxd5 h6 22.
Ne2 Bg5 23. Bxg5 hxg5 24. Ng3 Ne5 25. Rd6 Qf3 26. Nf5 b5 27. Nd4 Qb7 28. f3 Nc4 29.
Rh1 Nxd6 30. Qh7+ Kf8 31. Qh8+ Ke7 32. Qxg7 Qd5 33. Re1+ Kd7 0-1

[Event "*** Titled Tuesday Blitz"]
[Site "Chess.com"]
[Date "2020.05.26"]
[Round "1"]
[White "lucliasco"]
[Black "DishonorOnYourCow"]
[Result "1-0"]
[WhiteElo "2682"]
[BlackElo "2317"]
[TimeControl "180+1"]
[EndTime "10:05:43 PDT"]
[Termination "lucliasco won by resignation"]

1. d4 Nf6 2. Nf3 g6 3. g3 d5 4. Bg2 Bg7 5. O-O O-O 6. c4 dxc4 7. Na3 c3 8. bxc3 c5 9. e3 Nc6 10. Qe2 Bf5 11. Rd1 Qb6 12. Nh4 Bg4 13. Bf3 Bxf3 14. Nxf3 Rfd8 15. Rb1 Qc7 16. Nb5 Qa5 17. c4 Ne4 18. d5 a6 19. dxc6 Rxd1+ 20. Qxd1 axb5 21. cxb7 Rd8 22. Qc2 Nc3 23. Bd2 b4 24. Bxc3 Bxc3 25.
Rd1 Rb8 26. Qe4 Qc7 27. Ng5 Qxb7 28. Rd8+ Kg7 29. Rxb8 Qxb8 30. Qxe7 Qe5 31. Qxf7+ Kh6 32. h4 Qg7 33. Qf4 Be5 34. Nf7+ 1-0

[Event "*** Titled Tuesday Blitz"]
[Site "Chess.com"]
[Date "2020.05.26"]
[Round "1"]
[White "ulkaf961"]
[Black "MartinCerveny"]
[Result "1-0"]
[WhiteElo "2182"]
[BlackElo "2506"]
[TimeControl "180+1"]
[EndTime "10:05:43 PDT"]
[Termination "ulkaf961 won by resignation"]

1. b3 d5 2. Bb2 Nf6 3. g3 g6 4. Bg2 Bg7 5. Nf3 O-O 6. c4 c5 7. O-O d4 8. e3 Nc6 9. exd4 cxd4 10. Re1 a5 11. a3 Bg4 12. h3 Bxf3 13. Bxf3 Re8 14. d3 e5 15. Nd2 Nd7 16. Rb1 f5 17. Bd5+ Kh8 18. Nf3 Qc7 19. Ng5 Bf6 20. Nf7+ Kg7 21. Qd2 f4 22. gxf4 exf4 23. h4 Rf8 24. Ng5 Bxg5 25. hxg5 Rae8 26. Bxc6 bxc6 27. Bxd4+ Kg8 28. Bb2 Rxe1+ 29. Rxe1 Rf5 30. Qc3 Rxg5+ 31. Kf1 Ne5 32. Rxe5 Rxe5 33. Qxe5 Qd7 34. Qh8+ Kf7 35. Qxh7+ 1-0

[Event "*** Titled Tuesday Blitz"]
[Site "Chess.com"]
[Date "2020.05.26"]
[Round "1"]
[White "harkerchess"]
[Black "louis198"]
[Result "0-1"]
[WhiteElo "2037"]
[BlackElo "2483"]
[TimeControl "180+1"]
[EndTime "10:05:43 PDT"]
[Termination "louis198 won by checkmate"]

1. d4 Nf6 2. Bg5 c5 3. d5 d6 4. Nc3 Nbd7 5. e4 a6 6. a4 g6 7.
Bc4 Bg7 8. Nge2 h6 9. Bxf6 Bxf6 10. f4 Qb6 11. Rb1 Qb4 12. Qd3 Nb6 13. b3 Nxc4 14.
bxc4 Qa5 15. O-O O-O 16. Rb3 Rb8 17. Rfb1 Qc7 18. Rb6 Bd7 19. a5 Bg7 20. Qd1 f5 21.
Qc1 fxe4 22. Nxe4 Bf5 23. N2g3 Bc8 24. c3 h5 25. Ng5 h4 26. Ne2 Bf5 27. R1b2 Qd7 28.
Qe1 Bh6 29. Qxh4 Kg7 30. Qg3 Bxg5 31. Qxg5 Bd3 32. Ng3 Bxc4 33. f5 Qe8 34. Rxb7 Rxb7 35. Rxb7 Rf7 36. Nh5+ Kh8 37. fxg6 Rf1# 0-1

[Event "*** Titled Tuesday Blitz"]
[Site "Chess.com"]
[Date "2020.05.26"]
[Round "1"]
[White "Infernal_XaM"]
[Black "MichailovM"]
[Result "1-0"]
[WhiteElo "2823"]
[BlackElo "2408"]
[TimeControl "180+1"]
[EndTime "10:05:44 PDT"]
[Termination "Infernal_XaM won by resignation"]

1. Nf3 Nf6 2. d4 g6 3. c4 c5 4. d5 b5 5. cxb5 a6 6. Nc3 axb5 7. e4 b4 8. Nb5 d6 9. Bc4 Bg7 10. Qe2 O-O 11. O-O Nfd7 12. Bg5 Nb6 13. e5 Nxc4 14.
Qxc4 f6 15. exf6 exf6 16. Bf4 Ra6 17. a4 Bf5 18. b3 Re8 19. Rfe1 Rxe1+ 20. Rxe1 Bf8 21.
h3 Qd7 22. Bh2 h5 23. Nh4 Kf7 24. Bg3 Ra8 25. Nxf5 Qxf5 26. Bxd6 Na6 27. Bxf8 Kxf8 28. Re6 Re8 29. Rxe8+ Kxe8 30. Nd6+ 1-0

[Event "*** Titled Tuesday Blitz"]
[Site "Chess.com"]
[Date "2020.05.26"]
[Round "1"]
[White "etesungam"]
[Black "sergoy"]
[Result "0-1"]
[WhiteElo "2416"]
[BlackElo "2852"]
[TimeControl "180+1"]
[EndTime "10:05:45 PDT"]
[Termination "sergoy won by checkmate"]

1. d4 Nf6 2. c4 e6 3. Nc3 Bb4 4.
Nf3 O-O 5. g3 b6 6. Bg2 Bb7 7.
O-O d6 8. d5 Bxc3 9. bxc3 exd5 10. Nh4 Ne4 11. cxd5 Re8 12. Bxe4 Rxe4 13. f3 Re8 14. e4 c6 15. c4 Ba6 16. Qd4 cxd5 17.
Nf5 f6 18. exd5 Bc8 19. Nh4 Nd7 20. Ba3 Nc5 21. Rae1 Bd7 22. Ng2 Re5 23. Bb2 Qe7 24. Qd2 Rxe1 25. Rxe1 Qf7 26. Nf4 Re8 27. Bd4 g5 28.
Bxc5 bxc5 29. Nd3 Bf5 30. Kf2 Rxe1 31. Nxe1 Qb7 32. Ng2 Qb1 33. Ne3 Bg6 34. Kg2 Kg7 35. Qe2 Bd3 36. Qf2 h5 37. h4 g4 38. fxg4 Be4+ 39.
Kh3 Qh1+ 40. Qh2 hxg4+ 41. Nxg4 Bg2# 0-1

[Event "*** Titled Tuesday Blitz"]
[Site "Chess.com"]
[Date "2020.05.26"]
[Round "1"]
[White "nubair1198"]
[Black "MusicCityMaster"]
[Result "1-0"]
[WhiteElo "2716"]
[BlackElo "2353"]
[TimeControl "180+1"]
[EndTime "10:05:45 PDT"]
[Termination "nubair1198 won by resignation"]

1. d4 Nf6 2. c4 c5 3. d5 b5 4. cxb5 a6 5. bxa6 g6 6. Nc3 Bxa6 7. Nf3 d6 8. g3 Bg7 9. Bg2 Nbd7 10.
O-O O-O 11. Qc2 Nb6 12. Rd1 Bb7 13. Nh4 Ra5 14. Bd2 Qa8 15. b3 Rd8 16. e4 e6 17.
dxe6 fxe6 18. a4 d5 19. exd5 exd5 20. Nb5 Ne4 21. Bxa5 Qxa5 22. Rac1 Nd7 23. Bxe4 dxe4 24. Qc4+ Kh8 25. Qf7 Ne5 26. Qxb7 Nd3 27. Rc4 Rf8 28. f3 exf3 29. Nxf3 Ne5 30. Rf4 Nxf3+ 31. Qxf3 Re8 32. Re4 Rf8 33. Qe2 Qa8 34. Re1 Qc6 35. Re8 h6 36. Rxf8+ Bxf8 1-0

[Event "*** Titled Tuesday Blitz"]
[Site "Chess.com"]
[Date "2020.05.26"]
[Round "1"]
[White "francyIM"]
[Black "Zarikovs1999"]
[Result "1-0"]
[WhiteElo "2707"]
[BlackElo "2346"]
[TimeControl "180+1"]
[EndTime "10:05:45 PDT"]
[Termination "francyIM won on time"]

1. d4 Nf6 2. c4 e6 3. Nc3 Bb4 4. f3 d5 5. a3 Bxc3+ 6. bxc3 O-O 7. cxd5 exd5 8. e3 c5 9. Bd3 Nc6 10. Ne2 Re8 11. O-O b6 12. Ng3 Bb7 13. Ra2 Rc8 14. Re2 cxd4 15. cxd4 Na5 16. Kh1 g6 17. Ree1 Nc4 18.
Bb1 Qd6 19. e4 dxe4 20. fxe4 Qd7 21. Rxf6 Qe7 22. Rf3 Nd6 23. d5 Rc4 24. Bb2 Rec8 25. e5 Ne8 26. e6 f5 27. Bxf5 R4c5 28. Be4 Nd6 29. Qd4 1-0

[Event "*** Titled Tuesday Blitz"]
[Site "Chess.com"]
[Date "2020.05.26"]
[Round "1"]
[White "RATNAKARAN"]
[Black "tteshan"]
[Result "1-0"]
[WhiteElo "2534"]
[BlackElo "2175"]
[TimeControl "180+1"]
[EndTime "10:05:46 PDT"]
[Termination "RATNAKARAN won by resignation"]

1. e4 c5 2. Nf3 e6 3. d3 Nc6 4.
g3 d5 5. Nbd2 Nf6 6. Bg2 dxe4 7.
dxe4 Be7 8. O-O O-O 9. e5 Nd5 10. Ne4 Qc7 11. c4 Nb6 12. Nd6 Rd8 13. Bf4 a6 14. b3 f6 15. Nxc8 Rxd1 16. Nxe7+ Qxe7 17. Raxd1 Rd8 18. exf6 gxf6 19. Rde1 Nd4 20. Nh4 Qf7 21. Re4 f5 22. Re3 a5 23. Nf3 Nxf3+ 24. Bxf3 a4 25. Rfe1 axb3 26. axb3 Re8 27. Bd6 Nd7 28.
Bd5 Kg7 29. Bxe6 Qf6 30. Bf4 Qd8 31. Rd1 Rxe6 32. Rxe6 Qc8 33. Re7+ Kf6 34. Rdxd7 Qa8 35. Rxh7 Qa1+ 36. Kg2 1-0

[Event "*** Titled Tuesday Blitz"]
[Site "Chess.com"]
[Date "2020.05.26"]
[Round "1"]
[White "marszach123"]
[Black "Arman_Hakemi"]
[Result "0-1"]
[WhiteElo "2208"]
[BlackElo "2563"]
[TimeControl "180+1"]
[EndTime "10:05:47 PDT"]
[Termination "Arman_Hakemi won on time"]

1. e4 e5 2. Nf3 Nc6 3. Bb5 a6 4. Ba4 Nf6 5. O-O b5 6. Bb3 Bb7 7. Re1 Bc5 8. c3 d6 9. d4 Bb6 10. Be3 O-O 11. Nbd2 Re8 12. Ng5 Re7 13. d5 Nb8 14.
Bxb6 cxb6 15. a4 bxa4 16. Rxa4 h6 17. Ngf3 Nbd7 18. Qe2 Qc7 19. Rea1 Rf8 20. Bc2 Nh5 21. g3 g6 22. Bd3 b5 23. R4a2 Ng7 24. Nh4 Kh7 25. Nb3 Nc5 26. Nxc5 Qxc5 27. Ra5 f5 28. c4 Ref7 29. exf5 gxf5 30. cxb5 Qxd5 31. f3 e4 32. Bc4 Qd4+ 33. Kg2 exf3+ 34. Nxf3 Re8 35.
Bxf7 Rxe2+ 0-1

[Event "*** Titled Tuesday Blitz"]
[Site "Chess.com"]
[Date "2020.05.26"]
[Round "1"]
[White "tylityli"]
[Black "giantslayer83"]
[Result "0-1"]
[WhiteElo "2309"]
[BlackElo "2666"]
[TimeControl "180+1"]
[EndTime "10:05:50 PDT"]
[Termination "giantslayer83 won by resignation"]

1. d4 Nf6 2. c4 e6 3. Nc3 Bb4 4. e3 O-O 5. Ne2 Re8 6. a3 Bf8 7. d5 a5 8. g3 exd5 9. cxd5 Na6 10.
Bg2 d6 11. O-O Nc5 12. h3 a4 13. e4 Nfxe4 14. Nxe4 Nxe4 15. Nc3 Nxc3 16. bxc3 g6 17.
c4 Bg7 18. Ra2 Bd7 19. Bb2 b6 20. Bxg7 Kxg7 21. Qd4+ Qf6 22. Rd2 Qxd4 23. Rxd4 Re2 24.
Re4 Rxe4 25. Bxe4 Bxh3 26. Rb1 Re8 27. Bd3 h5 28. Kh2 Bd7 29. Kg2 Kf6 30. Kf3 Bg4+ 31.
Kg2 Bf5 32. Bxf5 Kxf5 33. Rb4 Ra8 34. Kf3 g5 35. Ke3 Ke5 36. f4+ gxf4+ 37. gxf4+ Kf5 38. Kf3 h4 39. Rb2 Rg8 40. Rb4 Rg3+ 41. Kf2 Rxa3 42. Kg2 Kg4 43. Kf2 f5 44. Rb1 h3 45. Rb4 Ra2+ 46. Kf1 h2 0-1